 Dungeon Crawl Stone Soup version 0.30.0-29-ga12c61a403 (webtiles) character file.

Game seed: 18387914192159388766

1139 hawla the Firebug (level 8, -2/56 (58) HPs)
             Began as a Meteoran Fire Elementalist on June 8, 2023.
             Slain by a wight
             ... wielding a +3 trident of freezing
              (13 damage)
             ... on level 6 of the Dungeon.
             The game lasted 00:09:42 (2757 turns).

hawla the Firebug (Meteoran Fire Elementalist)      Turns: 2757, Time: 00:09:42

HP:   -2/56 (58)    AC:  2    Str: 10    XL:     8   Next: 95%
MP:   0/18          EV: 13    Int: 18    God:
Gold: 189           SH:  0    Dex: 15    Spells: 12/19 levels left

rFire   . . .        k - +2 dagger (flame)
rCold   . . .        (no shield)
rNeg    . . .        a - +0 robe
rPois   .            (no helmet)
rElec   .            (no cloak)
rCorr   .            (no gloves)
SInv    .            (no boots)
Will    +....        (no amulet)
Stlth   +            (no ring)
HPRegen 0.29/turn    (no ring)
MPRegen 0.16/turn

%: no passive effects
@: mighty, glowing, lightly drained
A: sense surroundings 1, otherworldly, glowing, explore regen
a: no special abilities


You were on level 6 of the Dungeon.
You visited 2 branches of the dungeon, and saw 7 of its levels.

You collected 228 gold pieces.
You spent 39 gold pieces at shops.

Inventory:

Hand Weapons
 g - a +2 short sword of freezing
 k - a +2 dagger of flaming (weapon)
Armour
 a - a +0 robe (worn)
Wands
 r - a wand of roots (3) (quivered)
Scrolls
 c - 3 scrolls of identify
 j - 2 scrolls of blinking
 m - a scroll of immolation
 n - a scroll of torment {unknown}
 o - a scroll of enchant weapon {unknown}
 q - a scroll of summoning {unknown}
 s - a scroll of fear {unknown}
Potions
 d - a potion of might
 e - a potion of mutation
 f - 3 potions of curing
 i - a potion of resistance {unknown}
 l - a potion of heal wounds {unknown}
 p - a potion of flight {unknown}


   Skills:
 + Level 0.6 Fighting
 + Level 0.2 Short Blades
 + Level 3.2 Dodging
 - Level 1.4 Stealth
 + Level 6.3 Spellcasting
 + Level 6.9 Conjurations
 + Level 7.0 Fire Magic
 + Level 3.0 Evocations


You had 12 spell levels left.
You knew the following spells:

 Your Spells              Type           Power      Damage    Failure   Level
a - Foxfire               Conj/Fire      100%       2x1d9     1%          1
b - Scorch                Fire           60%        2d7       1%          2
c - Flame Wave            Conj/Fire      30%        2d9       7%          4

Your spell library contained the following spells:

 Spells                   Type           Power      Damage    Failure   Level
 Inner Flame              Hex/Fire       18%        N/A       9%          3
 Volatile Blastmotes      Fire/Tloc      36%        2d13      9%          3
 Ensorcelled Hibernation  Hex/Ice        10%        N/A       19%         2
 Spider Form              Tmut/Pois      5%         N/A       34%         3
 Anguish                  Hex/Necr       2%         N/A       75%         4


Dungeon Overview and Level Annotations

Branches:
Dungeon (6/15) Zot: 1039   Temple (1/1) D:6 Zot: 396

Altars:
Ashenzari
Cheibriados
Dithmenos
Elyvilon
Fedhas
Gozag
Hepliaklqana
Makhleb
Nemelex Xobeh
Qazlal
Ru
Sif Muna
Trog
Uskayaw
Wu Jian
Xom
Zin

Shops:
D:2 (*


Innate Abilities, Weirdness & Mutations

You passively map a small area around you.
You are easily found by Zot.
You glow in the dark.
You regain HP and MP as you explore.


Message History

As you read the scroll labelled QYONLA DAUP, it crumbles to dust.
The creatures around you are filled with an inner flame!
It was a scroll of immolation.
The foxfire hits the adder.
Flame seeps out of the adder.
The adder is moderately wounded.
The foxfire hits the adder.
Flame seeps out of the adder.
The adder is heavily wounded.
The adder is engulfed in blazing flames.
The adder explodes!
Training target 3.0 for Evocations reached!
Your Evocations skill increases to level 3!
You need to enable at least one skill for training.
Your Fire Magic skill increases to level 7!
Unknown command.
The air fills with toxic fumes!
As you read the scroll labelled HIYTIO NOWKEMN, it crumbles to dust.
It was a scroll of poison.
The wight hits you from afar with a +3 trident of freezing!
You feel drained. The wight freezes you.
As you read the scroll labelled UMNYNIAFYBI, it crumbles to dust.
It is a scroll of amnesia.
Really abort (and waste the scroll)?
Okay, then.
The wight closely misses you.
Okay, then.
Casting: Foxfire (safe; 1% risk of failure)
Confirm with . or Enter, or press ? or * to list all spells.
You conjure some foxfire!
The wight hits you from afar with a +3 trident of freezing.
* * * LOW HITPOINT WARNING * * *
The wight freezes you.
* * * LOW HITPOINT WARNING * * *
The foxfire hits the wight.
Flame seeps out of the wight.
The wight is moderately damaged.
It was a potion of might.
You feel very mighty all of a sudden.
The foxfire hits the wight.
Flame seeps out of the wight.
The wight is heavily damaged.
The wight hits you from afar with a +3 trident of freezing!
You die...

###########
#§§§§z@.§§#
#§§§§§§.§§#
#§§§z§§§§§#
###§.§§§.§§§# *
#§§§§§§§§§§§§§
#§§§§§§§§§§§###*
,
####§§§§§§§§§§§#
*
#>.#§§§§§§§§§§§#
##..)..#.......#
,*


You could see 2 wights.

Vanquished Creatures
  A water moccasin (D:5)
  Duvessa (D:4)
  An ice beast (D:5)
  2 ogres (D:5)
  A phantom (D:4)
  A scorpion (D:5)
  2 wights (D:6)
  Dowan (D:4)
  A howler monkey (D:6)
  A hound (D:6)
  3 orc priests
  An iguana (D:4)
  3 orc wizards
  3 gnolls (D:4)
  4 adders
  3 ufetubi
  4 dart slugs
  10 orcs
  2 bats
  An endoplasm (D:3)
  A giant cockroach (D:2)
  4 goblins
  3 hobgoblins (D:4)
  4 jackals (D:4)
  4 kobolds
  A quokka (D:2)
  A ball python (D:2)
  2 frilled lizards (D:3)
66 creatures vanquished.

Vanquished Creatures (others)
  159 foxfires
159 creatures vanquished.

Grand Total: 225 creatures vanquished

Notes
Turn   | Place    | Note
-------+----------+-------------------------------------------
     0 | D:1      | hawla the Meteoran Fire Elementalist began the quest for
                  | the Orb.
     0 | D:1      | Reached XP level 1. HP: 14/14 MP: 5/5
    95 | D:2      | Reached skill level 4 in Fire Magic
    95 | D:2      | Reached XP level 2. HP: 14/20 MP: 2/7
    98 | D:2      | Learned a level 2 spell: Scorch
   116 | D:2      | Found Plog's General Store.
   187 | D:2      | Found Boni's Antique Weapon Shoppe.
   263 | D:2      | Reached XP level 3. HP: 26/26 MP: 5/8
   352 | D:2      | Bought a potion of curing for 39 gold pieces
   553 | D:4      | You fall into a shaft and drop 1 floor!
   553 | D:5      | Entered Level 5 of the Dungeon
   593 | D:5      | Reached XP level 4. HP: 27/33 MP: 1/10
   602 | D:5      | Reached skill level 5 in Fire Magic
   602 | D:5      | Reached XP level 5. HP: 22/38 MP: 2/11
   604 | D:5      | Identified the +6 whip of Evolution {elec, rElec MP-9 Str-4
                  | Dex+8}
   625 | D:5      | Noticed an ice beast
   631 | D:5      | Killed an ice beast
   632 | D:5      | Reached XP level 6. HP: 29/45 MP: 3/13
   864 | D:5      | Noticed an ogre
   868 | D:5      | Killed an ogre
   869 | D:5      | Reached skill level 5 in Spellcasting
   869 | D:5      | Reached skill level 6 in Fire Magic
   869 | D:5      | Reached XP level 7. HP: 51/51 MP: 5/15
  1037 | D:5      | Noticed a water moccasin
  1043 | D:5      | Killed a water moccasin
  1070 | D:5      | Learned a level 4 spell: Flame Wave
  1873 | D:4      | Reached XP level 8. HP: 58/58 MP: 5/18
  2028 | D:4      | Reached skill level 5 in Conjurations
  2327 | D:4      | Noticed Duvessa
  2327 | D:4      | Noticed Dowan
  2333 | D:4      | Killed Duvessa
  2341 | D:4      | Killed Dowan
  2532 | D:6      | Reached skill level 1 in Evocations
  2532 | D:6      | Found a staircase to the Ecumenical Temple.
  2539 | Temple   | Entered the Ecumenical Temple
  2754 | D:6      | Reached skill level 7 in Fire Magic
  2757 | D:6      | Slain by a wight

Illustrated notes

Levels and vault maps discovered:
D:1:      dpeg_arrival_round_a, layout_loops_corners
D:2:      layout_basic, serial_shops, shop, nicolae_shop_getting_attention,
          nicolae_shop_statue_plus, shop
D:3:      layout_loops_corners, grunt_ministairs_2
D:4:      layout_basic, chequers_avenue, grunt_ministairs_5,
          hangedman_abyss_or_decor_lesser_grid, uniq_duvessa
D:5:      layout_layer_cave
D:6:      layout_basic, nicolae_kikubaaqudgha_miasma_corner,
          minmay_temple_entry_proselytizer, uniq_prince_ribbit1
Temple:   nicolae_temple_bog_church

Skill      XL: |  1  2  3  4  5  6  7  8 |
---------------+-------------------------+-----
Spellcasting   | 3 4 5 6 |  6.3
Fire Magic     | 4 5 6 7 |  7.0
Dodging        | 3 |  3.2
Conjurations   | 2 4 6 |  6.9
Evocations     | 3 |  3.0
Fighting       | |  0.6
Short Blades   | |  0.2
Stealth        | |  1.4

Action                     |  1- 3 |  4- 6 |  7- 9 || total
---------------------------+-------+-------+-------++-------
  Melee: Unarmed           |     3 |       |       ||     3
         Dagger            |       |       |    17 ||    17
   Cast: Foxfire           |    28 |     8 |    57 ||    93
         Scorch            |     4 |    10 |    26 ||    40
         Flame Wave        |       |       |     5 ||     5
    Use: Scroll            |     2 |       |     5 ||     7
         Potion            |       |     1 |     1 ||     2
 Armour: Robe              |     2 |     1 |     3 ||     6
  Dodge: Dodged            |     7 |     2 |    19 ||    28
